 Dungeon Crawl Stone Soup version 0.30.0-15-g856e2d3f33 (webtiles) character file.

Game seed: 1515248515623854622

217356 Gabide the Maledictor (level 18, 0/223 HPs)
             Began as a Vampire Enchanter on May 18, 2023.
             Was the Champion of Sif Muna.
             Succumbed to barbed spike wounds
             ... on level 4 of the Spider Nest.
             The game lasted 03:06:47 (49440 turns).

Gabide the Maledictor (Vampire Enchanter)          Turns: 49440, Time: 03:06:48

Health: 0/223      AC: 18    Str:  7    XL:     18   Next: 38%
Magic:  7/37       EV: 20    Int: 25    God:    Sif Muna [******]
Gold:   2463       SH:  9    Dex: 19    Spells: 9/47 levels left

rFire   + . .        a - +9 dagger (elec)
rCold   + . .        E - +3 warlock's mirror {omnireflect}
rNeg    + . .        v - +2 robe {rC+ rF+}
rPois   +            S - +1 helmet of the Telling Gods {rElec}
rElec   +            o - +2 cloak of the Unseen Realm {rPois}
rCorr   .            j - +1 pair of gloves "Wyakouru" {rPois rN+ Dex+4}
SInv    +            M - +2 pair of boots
Will    +....        s - amulet of faith Stlth
                     d - +4 ring of protection
HPRegen 0.77/turn    K - +4 ring of slaying
MPRegen 0.25/turn

%: reflection, faith
@: berserking, spiked, healing quickly, quick
A: alive, fangs 3, see invisible, vampiric 2
}: 1/15 runes: barnacled
a: Exsanguinate, Renounce Religion, Channel Magic, Forget Spell, Divine Exegesis


You were on level 4 of the Spider Nest.
You worshipped Sif Muna.
Sif Muna was exalted by your worship.
You visited 6 branches of the dungeon, and saw 31 of its levels.
You also visited: Gauntlet and Ice Cave.

You collected 3643 gold pieces.
You spent 1180 gold pieces at shops.

Inventory:

Hand Weapons
 a - a +9 dagger of electrocution (weapon)
 c - the +5 falchion of the Endless Expanse {heavy, Str+3 Int+5}
   (You found it in a Gauntlet)

   Str:       It affects your strength (+3).
   Int:       It affects your intelligence (+5).
 t - a +3 quick blade of draining
Missiles
 V - 3 throwing nets
Armour
 j - the +1 pair of gloves "Wyakouru" (worn) {rPois rN+ Dex+4}
   (You found it in an ice cave)

   Dex:       It affects your dexterity (+4).
   rPois:     It protects you from poison.
   rN:        It protects you from negative energy.
 l - +0 acid dragon scales
 o - the +2 cloak of the Unseen Realm (worn) {rPois}
   (You found it on level 6 of the Dungeon)

   rPois:     It protects you from poison.
 v - a +2 robe of resistance (worn)
 E - the +3 warlock's mirror (worn) {omnireflect}
   (You acquired it on level 8 of the Dungeon)

   Omnireflect: It can block and reflect piercing ranged attacks and magical
   attacks against the wielder's willpower.
 F - a +1 buckler of positive energy
 M - a +2 pair of boots (worn)
 N - an orb of mayhem
 S - the +1 helmet of the Telling Gods (worn) {rElec}
   (You found it in a Gauntlet)

   rElec:     It insulates you from electricity.
Jewellery
 d - a +4 ring of protection (left hand)
 s - an amulet of faith (around neck)
 A - a ring of positive energy
 K - a +4 ring of slaying (right hand)
 O - a ring of protection from cold
 R - the ring "Givyuh" {rF+ Str+3}
   (You found it in a Gauntlet)

   [ring of protection from fire]

   Str:       It affects your strength (+3).
   rF:        It protects you from fire.
 U - a +6 ring of intelligence
 W - a +6 ring of dexterity
 X - a ring of resist corrosion
Wands
 p - a wand of digging (13)
 G - a wand of paralysis (40)
 J - a wand of iceblast (18)
 P - a wand of acid (18)
Scrolls
 b - 3 scrolls of enchant armour
 q - 6 scrolls of magic mapping
 r - 12 scrolls of teleportation
 u - 6 scrolls of fog
 w - 5 scrolls of fear
 y - a scroll of silence
 B - 5 scrolls of amnesia
 C - 2 scrolls of summoning
 H - 5 scrolls of poison
 L - 11 scrolls of identify
 Q - a scroll of torment
 Y - 3 scrolls of vulnerability
Potions
 e - 6 potions of berserk rage
 f - 18 potions of curing
 g - 4 potions of lignification
 h - 3 potions of brilliance
 i - 2 potions of haste
 k - 2 potions of mutation
 m - a potion of cancellation
 n - 5 potions of ambrosia
 x - 3 potions of might
 z - 8 potions of attraction
 D - 8 potions of flight
 T - a potion of resistance
 Z - a potion of heal wounds
Miscellaneous
 I - a phial of floods (inert)


   Skills:
 - Level 15.0 Fighting
 - Level 15.0 Short Blades
 - Level 3.0 Armour
 + Level 13.1 Dodging
 - Level 9.0 Stealth
 - Level 6.0 Shields
 - Level 15.0 Spellcasting
 - Level 23.0 Hexes


You had 9 spell levels left.
You knew the following spells:

 Your Spells              Type           Power      Damage    Failure   Level
a - Dazzling Flash        Conj/Hex       100%       N/A       1%          3
b - Tukima's Dance        Hex            93%        N/A       0%          3
c - Confusing Touch       Hex            93%        N/A       0%          3
d - Summon Mana Viper     Hex/Summ       66%        N/A       1%          5
e - Cause Fear            Hex            46%        N/A       0%          4
f - Enfeeble              Hex            46%        N/A       1%          7
g - Yara's Violent Unrav  Hex/Tmut       33%        3d14      1%          5
h - Discord               Hex            46%        N/A       2%          8

Your spell library contained the following spells:

 Spells                   Type           Power      Damage    Failure   Level
 Slow                     Hex            100%       N/A       0%          1
 Ensorcelled Hibernation  Hex/Ice        100%       N/A       1%          2
 Inner Flame              Hex/Fire       66%        N/A       1%          3
 Portal Projectile        Hex/Tloc       100%       N/A       1%          3
 Summon Guardian Golem    Hex/Summ       66%        N/A       1%          3
 Anguish                  Hex/Necr       33%        N/A       1%          4
 Fulminant Prism          Conj/Hex       33%        3d15      1%          4
 Leda's Liquefaction      Hex/Erth       33%        N/A       1%          4
 Metabolic Englaciation   Hex/Ice        33%        N/A       1%          5
 Silence                  Hex/Air        33%        N/A       1%          5
 Apportation              Tloc           36%        N/A       4%          1
 Beastly Appendage        Tmut           36%        N/A       4%          1
 Foxfire                  Conj/Fire      72%        2x1d7     4%          1
 Kiss of Death            Conj/Necr      72%        2d10      4%          1
 Necrotise                Necr           72%        1d7       4%          1
 Sandblast                Erth           36%        2d10      4%          1
 Summon Small Mammal      Summ           72%        N/A       4%          1
 Blink                    Tloc           36%        N/A       7%          2
 Call Imp                 Summ           36%        N/A       7%          2
 Cigotuvi's Dreadful Rot  Necr/Pois/Air  36%        N/A       7%          2
 Lesser Beckoning         Tloc           36%        N/A       7%          2
 Momentum Strike          Conj/Tloc      36%        3d9       7%          2
 Passwall                 Tmut/Erth      15%        N/A       7%          2
 Poisonous Vapours        Pois/Air       36%        N/A       7%          2
 Static Discharge         Conj/Air       36%        2-4/arc   7%          2
 Sublimation of Blood     Necr           18%        N/A       7%          2
 Wereblood                Tmut           18%        N/A       7%          2
 Call Canine Familiar     Summ           18%        N/A       13%         3
 Gell's Gravitas          Tloc           18%        N/A       13%         3
 Hailstorm                Conj/Ice       18%        3d6       13%         3
 Ignite Poison            Fire/Tmut/Pois 18%        N/A       13%         3
 Mephitic Cloud           Conj/Pois/Air  18%        N/A       13%         3
 Spider Form              Tmut/Pois      18%        N/A       13%         3
 Stone Arrow              Conj/Erth      36%        3d9       13%         3
 Swiftness                Air            18%        N/A       13%         3
 Teleport Other           Tloc           18%        N/A       13%         3
 Vampiric Draining        Necr           18%        2d7       13%         3
 Vhi's Electric Charge    Tloc/Air       36%        N/A       13%         3
 Volatile Blastmotes      Fire/Tloc      36%        2d13      13%         3
 Airstrike                Air            9%         2d(2-18)  41%         4
 Animate Armour           Summ/Erth      36%        N/A       41%         4
 Animate Dead             Necr           18%        N/A       41%         4
 Dispel Undead            Necr           18%        3d11      41%         4
 Flame Wave               Conj/Fire      18%        2d7       41%         4
 Ice Form                 Ice/Tmut       18%        N/A       41%         4
 Iskenderun's Mystic Bla  Conj/Tloc      18%        2d6       41%         4
 Manifold Assault         Tloc           18%        N/A       41%         4
 Olgreb's Toxic Radiance  Pois           18%        N/A       41%         4
 Passage of Golubria      Tloc           18%        N/A       41%         4
 Petrify                  Tmut/Erth      18%        N/A       41%         4
 Sticky Flame             Conj/Fire      18%        2d4       41%         4
 Summon Ice Beast         Ice/Summ       18%        N/A       41%         4
 Summon Lightning Spire   Summ/Air       18%        N/A       41%         4
 Alistair's Intoxication  Tmut/Pois      12%        N/A       77%         5
 Arcjolt                  Conj/Air       9%         1d19      77%         5
 Blade Hands              Tmut           9%         N/A       77%         5
 Borgnjor's Vile Clutch   Necr/Erth      9%         N/A       77%         5
 Fireball                 Conj/Fire      9%         3d6       77%         5
 Freezing Cloud           Conj/Ice/Air   9%         6-21      77%         5
 Iskenderun's Battlesphe  Conj           18%        2d7       77%         5
 Lee's Rapid Deconstruct  Erth           9%         3d7*      77%         5
 Summon Forest            Summ/Tloc      9%         N/A       77%         5
 Conjure Ball Lightning   Conj/Air       9%         3x3d6     100%        6
 Dispersal                Tloc           9%         N/A       100%        6
 Plasma Beam              Fire/Air       9%         2x1d21    100%        6
 Simulacrum               Ice/Necr       9%         N/A       100%        6
 Starburst                Conj/Fire      9%         6d5       100%        6
 Statue Form              Tmut/Erth      12%        N/A       100%        6
 Haunt                    Necr/Summ      9%         N/A       100%        7
 Orb of Destruction       Conj           9%         9d6       100%        7
 Storm Form               Tmut/Air       9%         N/A       100%        7
 Summon Hydra             Summ           9%         N/A       100%        7
 Disjunction              Tloc           9%         N/A       100%        8
 Lehudib's Crystal Spear  Conj/Erth      9%         10d4      100%        8
 Maxwell's Capacitive Co  Air            9%         ∞         100%        8
 Summon Horrible Things   Summ           9%         N/A       100%        8


Dungeon Overview and Level Annotations

Branches:
Dungeon (15/15)            Temple (1/1) D:5            Lair (5/5) D:9
 Shoals (4/4) Lair:2       Spider (4/4) Lair:3        Slime (0/5) Lair:4
    Orc (2/2) D:10            Elf (0/3) Orc:2        Vaults (0/5) D:13
 Depths (0/4) D:15          IceCv (visited)         Gauntlet (visited)

Altars:
Ashenzari
Cheibriados
Dithmenos
Fedhas
Gozag
Hepliaklqana
Kikubaaqudgha
Makhleb
Nemelex Xobeh
Okawaru
Qazlal
Ru
Sif Muna
Trog
Uskayaw
Vehumet
Wu Jian
Xom
Yredelemnul
Jiyva

Shops:
D:1 [   D:4 *   D:5 :   D:6 !   D:11 :   D:12 =   Orc:2 (*([   Shoals:2 :

Annotations:
D:9 exclusion: orange crystal statue


Innate Abilities, Weirdness & Mutations

Your natural rate of healing is accelerated.
You have razor-sharp teeth.
You have supernaturally acute eyesight. (SInv)
You are afflicted with vampirism and can become a bat while bloodless.


Message History

You feel yourself moving faster!
You feel mighty! You block the steelbarb worm's attack.
You are too berserk!
You hit the steelbarb worm. You bite the steelbarb worm!
The steelbarb worm is moderately wounded.
The moth of wrath completely misses you.
The steelbarb worm splashes around in the water.
You puncture the steelbarb worm! You bite the steelbarb worm!
The steelbarb worm is heavily wounded.
You impale the steelbarb worm!!
The steelbarb worm is severely wounded.
The steelbarb worm misses you.
You hit the steelbarb worm.
Lightning courses through the steelbarb worm!
You bite the steelbarb worm, but do no damage.
The steelbarb worm is severely wounded.
The moth of wrath barely misses you.
You barely miss the steelbarb worm. You bite the steelbarb worm.
The steelbarb worm is severely wounded.
The steelbarb worm splashes around in the water.
You puncture the steelbarb worm! You bite the steelbarb worm.
You kill the steelbarb worm!
Sif Muna accepts your kill.
The moth of wrath is no longer waterlogged.
The moth of wrath bites you!
* * * LOW HITPOINT WARNING * * *
You completely miss the moth of wrath.
The moth of wrath is heavily wounded.
You are too berserk!
You are too berserk!
You impale the moth of wrath!!
The moth of wrath is almost dead.
The moth of wrath completely misses you.
You hit the moth of wrath.
You kill the moth of wrath!
Sif Muna accepts your kill.
You enter the shallow water.
Moving in this stuff is going to be slow.
The barbed spikes dig painfully into your body as you move.
You die...

#### ##... #....##
......# #### ....##
##..## #...##
##....####...# #
#.^#@~~##?...##...#
###.#^†[............#
#^..^††~...†...(....#
#^..#...~.))).......#
##...#..##....##...##
#..##.####...# .##.#
##..### ...## . .
#..# ....# .. ##..#
....#


There were no monsters in sight!

Vanquished Creatures
  Arachne (Spider:3)
  Jorgrun (D:15)
  Gastronok (Lair:1)
  2 ghost moths (Spider:1)
  A juggernaut zombie (D:15)
  Louise (Spider:2)
  The ghost of Heezod the Fighter, a journeyman MiBe of Trog (Shoals:3)
  Azrael (Orc:2)
  Nessos (D:15)
  Josephine (D:15)
  4 merfolk impalers
  3 merfolk javelineers (Shoals:4)
  3 entropy weavers
  A rakshasa (D:14)
  4 vault guards (D:13)
  3 radroaches
  An anaconda (Shoals:4)
  5 catoblepae
  5 hydras
  4 centaur warriors
  3 merfolk aquamancers
  A two-headed ogre (D:11)
  The ghost of sefie the Basher, a novice MeFi of the Shining One (D:8)
  Erica (Orc:1)
  An alligator snapping turtle (Shoals:4)
  2 merfolk avatars
  8 boulder beetles
  3 tengu warriors
  12 death yaks
  A vampire mage (D:15)
  A titan skeleton (D:15)
  6 skeletal warriors (D:15)
  5 skysharks
  A sun moth (Spider:2)
  4 orb spiders
  4 pharaoh ants (Spider:3)
  10 sea snakes
  An obsidian statue (IceCv)
  3 harpies
  A wizard (D:12)
  A spriggan simulacrum (IceCv)
  A sphinx zombie (D:15)
  A necromancer (D:15)
  12 steelbarb worms
  A lindwurm (Lair:1)
  2 orc knights
  6 wolf spiders
  8 ugly things
  A manticore (shapeshifter) (D:13)
  13 manticores
  2 deep elf pyromancers (D:13)
  8 orc sorcerers
  12 fauns
  3 cyclopes
  19 elephants
  4 moths of wrath
  5 black mambas
  2 ice statues (D:14)
  4 water nymphs
  11 merfolk sirens
  2 apocalypse crabs (Gauntlet)
  4 torpor snails
  6 demonic crawlers
  2 gargoyles
  The ghost of Peon the Covert, a novice SpEn (D:6)
  A kobold demonologist (D:11)
  4 rime drakes
  10 komodo dragons
  4 unseen horrors
  5 freezing wraiths (IceCv)
  12 cane toads
  2 efreet (D:15)
  4 ice devils (IceCv)
  A tengu conjurer (D:14)
  A golden dragon simulacrum (IceCv)
  A yaktaur (shapeshifter) (D:14)
  30 merfolk
  A meliai (Spider:4)
  5 trolls
  6 polar bears
  A hornet (D:9)
  5 wind drakes
  10 tarantellas
  13 dream sheep
  16 blink frogs
  5 snapping turtles
  13 culicivoras
  17 jumping spiders
  2 centaur simulacra (D:14)
  11 slime creatures
  A vampire (D:7)
  5 wraiths
  5 water elementals
  A dire elephant simulacrum (IceCv)
  A spriggan (shapeshifter) (D:14)
  An ettin skeleton (D:15)
  4 wyverns
  57 yaks
  2 basilisks
  2 fire elementals (Orc:1)
  12 redbacks
  2 minotaur simulacra (IceCv)
  4 vampire mosquitoes
  Menkaure (D:4)
  5 wargs
  A harpy simulacrum (IceCv)
  4 hell hounds
  17 water moccasins
  An acid dragon (D:11)
  A nameless horror (IceCv)
  16 orc warriors
  A meliai simulacrum (D:14)
  A sky beast (D:7)
  4 black bears (D:9)
  11 centaurs
  22 wolves
  9 ogres
  A phantom (D:6)
  A kobold brigand (D:6)
  6 bullfrogs
  2 deep troll simulacra (IceCv)
  3 scorpions
  8 wights
  6 howler monkeys
  6 electric eels
  3 jellies (Lair:4)
  13 orc priests
  4 hounds
  7 iguanas
  38 orc wizards
  7 gnolls
  6 adders
  3 white imps
  An ufetubus (D:6)
  3 worms
  3 dart slugs
  72 orcs
  4 ball pythons
  12 endoplasms
  6 giant cockroaches
  8 goblins
  4 hobgoblins
  3 jackals (D:1)
  9 kobolds
  2 quokkas
  8 bats
  8 frilled lizards
  10 rats
882 creatures vanquished.

Vanquished Creatures (collateral kills)
  An Ice Fiend (IceCv)
  Mlioglotl (Spider:3)
  2 merfolk javelineers
  3 merfolk impalers (Shoals:4)
  2 entropy weavers
  A catoblepas (Lair:3)
  2 merfolk aquamancers (Shoals:4)
  2 radroaches (Spider:2)
  A two-headed ogre (D:9)
  A merfolk avatar (Shoals:4)
  2 pharaoh ants
  5 orb spiders
  A skeletal warrior (D:15)
  2 sea snakes
  A spriggan simulacrum (IceCv)
  A bog body (IceCv)
  2 steelbarb worms
  7 harpies
  10 wolf spiders
  A faun (Shoals:3)
  A cyclops (Shoals:4)
  A manticore (Shoals:4)
  A water nymph (Shoals:4)
  A merfolk siren (Shoals:4)
  3 torpor snails
  3 demonic crawlers
  An ice devil (IceCv)
  3 freezing wraiths (IceCv)
  11 merfolk
  2 meliai (Spider:4)
  3 wind drakes (Shoals:4)
  19 tarantellas
  4 dream sheep
  2 snapping turtles (Shoals:4)
  10 jumping spiders
  A slime creature (D:15)
  15 culicivoras
  2 dire elephant simulacra (IceCv)
  A water elemental (Shoals:4)
  A fire elemental (Orc:1)
  2 minotaur simulacra (IceCv)
  24 redbacks
  2 harpy simulacra (IceCv)
  5 centaurs
  A bullfrog (D:9)
  2 deep troll simulacra (IceCv)
  4 wights
  A gnoll bouda (D:7)
  2 orc priests
  2 orc wizards
  3 gnolls
  12 orcs
193 creatures vanquished.

Vanquished Creatures (others)
  A minotaur (Gauntlet)
  A pharaoh ant (Spider:4)
  2 harpies (Shoals:4)
  A cyclops (Shoals:4)
  2 wolf spiders
  A merfolk siren (Shoals:4)
  A torpor snail (Spider:4)
  A meliai (Spider:4)
  3 tarantellas
  A jumping spider (Spider:3)
  5 culicivoras
  4 redbacks
  11 dancing weapons
  A nameless horror (IceCv)
  2 orc priests
  An orc wizard (Orc:2)
  3 orcs (D:11)
41 creatures vanquished.

Grand Total: 1116 creatures vanquished

Notes
Turn   | Place    | Note
-------+----------+-------------------------------------------
     0 | D:1      | Gabide the Vampire Enchanter began the quest for the Orb.
     0 | D:1      | Reached XP level 1. HP: 13/13 MP: 3/3
    73 | D:1      | Found Huosmomn's Antique Armour Emporium.
   154 | D:1      | Reached XP level 2. HP: 20/20 MP: 5/5
   157 | D:1      | Learned a level 2 spell: Ensorcelled Hibernation
   486 | D:1      | Gained mutation: You are afflicted with vampirism and can
                  | become a bat while bloodless. [Vampire growth]
   486 | D:1      | Reached XP level 3. HP: 23/25 MP: 6/6
   490 | D:1      | Learned a level 3 spell: Tukima's Dance
  1259 | D:2      | Reached skill level 1 in Fighting
  1365 | D:2      | Reached skill level 5 in Stealth
  2061 | D:3      | Reached XP level 4. HP: 32/32 MP: 5/7
  2203 | D:3      | Found a shimmering blue altar of Sif Muna.
  2312 | D:3      | Reached skill level 5 in Hexes
  2559 | D:3      | Reached XP level 5. HP: 35/37 MP: 3/9
  2692 | D:3      | Learned a level 3 spell: Confusing Touch
  3082 | D:4      | Found Kezoufash's Gadget Gallery.
  3713 | D:4      | Reached XP level 6. HP: 44/44 MP: 7/10
  3770 | D:4      | Noticed Menkaure
  3779 | D:4      | Killed Menkaure
  3780 | D:4      | Reached skill level 6 in Hexes
  3830 | D:5      | Entered Level 5 of the Dungeon
  3881 | D:5      | Reached skill level 1 in Armour
  3939 | D:5      | Noticed a water moccasin
  3944 | D:5      | Killed a water moccasin
  3945 | D:5      | Reached XP level 7. HP: 52/52 MP: 8/11
  3977 | D:5      | Found a broken altar of Ashenzari.
  3981 | D:5      | Found a bloodstained altar of Trog.
  4023 | D:5      | Reached skill level 1 in Shields
  4415 | D:5      | Found a staircase to the Ecumenical Temple.
  4424 | Temple   | Entered the Ecumenical Temple
  4737 | D:3      | Became a worshipper of Sif Muna the Loreminder
  5087 | D:5      | Found Widitz's Book Shoppe.
  5446 | D:6      | Reached XP level 8. HP: 58/58 MP: 6/12
  5462 | D:6      | Reached skill level 7 in Hexes
  5704 | D:1      | Bought a translucent cloak for 294 gold pieces
  5704 | D:1      | Identified the +0 cloak of Vifoarum {rElec Will- MP+9} (You
                  | bought it in a shop on level 1 of the Dungeon)
  5884 | D:6      | Found a runed translucent gate.
  5886 | D:6      | Found a runed translucent gate.
  5886 | D:6      | Identified the +7 chain mail of the Fiend {MP+9 Dex+3}
  5886 | D:6      | Noticed Peon's ghost (novice SpEn)
  5951 | D:6      | Found Moantaoh's Distillery.
  6176 | D:6      | Bought a potion of degeneration for 14 gold pieces
  6252 | D:6      | Found a sacrificial altar of Ru.
  6285 | D:6      | Found the amulet of Elemental Vulnerability {rPois rF--
                  | rC-- AC+8}
  6764 | D:6      | Found a runed translucent gate.
  6783 | D:6      | Reached * piety under Sif Muna
  6784 | D:6      | Reached skill level 8 in Hexes
  7080 | D:6      | Killed Peon's ghost
  7081 | D:6      | Reached skill level 9 in Hexes
  7081 | D:6      | Reached XP level 9. HP: 37/65 MP: 1/15
  7191 | D:6      | Identified the +2 cloak of the Unseen Realm {rPois}
  7475 | D:7      | Reached skill level 5 in Dodging
  7599 | D:7      | Reached skill level 5 in Short Blades
  7723 | D:7      | Reached ** piety under Sif Muna
  7724 | D:7      | Reached skill level 10 in Hexes
  7971 | D:7      | Reached skill level 5 in Fighting
  7971 | D:7      | Reached skill level 5 in Spellcasting
  8319 | D:8      | Reached skill level 11 in Hexes
  8540 | D:8      | Identified a scroll of acquirement
  8540 | D:8      | Acquired the +3 warlock's mirror {omnireflect}
  8540 | D:8      | Found the +3 warlock's mirror {omnireflect}
  8861 | D:8      | Found a runed translucent door.
  8866 | D:8      | Noticed sefie's ghost (novice MeFi)
  8958 | D:8      | Reached XP level 10. HP: 74/74 MP: 13/17
  8985 | D:8      | Learned a level 3 spell: Dazzling Flash
  8989 | D:8      | Learned a level 3 spell: Inner Flame
  9015 | D:8      | Killed sefie's ghost
  9333 | D:9      | Noticed an orange crystal statue
  9355 | D:9      | Found a burning altar of Makhleb.
  9355 | D:9      | Noticed an Executioner
  9370 | D:9      | Noticed a two-headed ogre
  9372 | D:9      | Found Duigini's Assorted Antiques.
  9383 | D:9      | Killed a two-headed ogre
  9384 | D:9      | Reached skill level 12 in Hexes
  9405 | D:9      | Reached *** piety under Sif Muna
  9525 | D:9      | Found a staircase to the Lair.
  9727 | D:9      | Reached skill level 13 in Hexes
 10210 | D:1      | Bought a runed helmet for 232 gold pieces
 10640 | D:9      | Noticed a skeletal warrior
 10640 | D:9      | Noticed a skeletal warrior
 10640 | D:9      | Noticed a skeletal warrior
 10641 | D:9      | Noticed a skeletal warrior
 10644 | D:9      | Noticed a skeletal warrior
 11016 | Lair:1   | Entered Level 1 of the Lair of Beasts
 11067 | Lair:1   | Noticed an elephant
 11068 | Lair:1   | Noticed an elephant
 11069 | Lair:1   | Noticed an elephant
 11069 | Lair:1   | Noticed an elephant
 11118 | D:9      | Killed an elephant
 11228 | Lair:1   | Noticed an elephant
 11343 | Lair:1   | Killed an elephant
 11344 | Lair:1   | Reached XP level 11. HP: 75/81 MP: 16/20
 11508 | Lair:1   | Reached skill level 14 in Hexes
 11648 | Lair:1   | Noticed Gastronok
 11682 | Lair:1   | Killed Gastronok
 12012 | Lair:1   | Reached **** piety under Sif Muna
 12026 | Lair:1   | Reached skill level 15 in Hexes
 12230 | Lair:1   | Noticed a lindwurm
 12230 | Lair:1   | Noticed a catoblepas
 12250 | Lair:1   | Found a runed translucent door.
 12819 | Lair:1   | Killed a catoblepas
 12820 | Lair:1   | Reached XP level 12. HP: 79/91 MP: 18/23
 13402 | Lair:2   | Noticed a death yak
 13425 | Lair:2   | Reached skill level 16 in Hexes
 13425 | Lair:2   | Noticed a death yak
 13426 | Lair:2   | Noticed a death yak
 13438 | Lair:2   | Noticed a death yak
 13438 | Lair:2   | Noticed a death yak
 13443 | Lair:2   | Noticed a death yak
 13449 | Lair:2   | Killed a death yak
 13466 | Lair:2   | Killed a death yak
 13468 | Lair:2   | Killed a death yak
 13481 | Lair:2   | Killed a death yak
 13526 | Lair:2   | Killed a death yak
 13550 | Lair:2   | Killed a death yak
 13551 | Lair:2   | Reached skill level 17 in Hexes
 13592 | Lair:2   | Reached ***** piety under Sif Muna
 13655 | Lair:2   | Found a staircase to the Shoals.
 14099 | Lair:2   | Received a gift from Sif Muna
 14480 | Lair:2   | Reached XP level 13. HP: 99/99 MP: 21/25
 15262 | Lair:3   | HP: 4/99 [catoblepas (12)]
 15265 | Lair:3   | Reached skill level 10 in Dodging
 15570 | Lair:3   | Reached skill level 10 in Short Blades
 15587 | Lair:3   | Reached skill level 18 in Hexes
 15828 | Lair:3   | Received a gift from Sif Muna
 15867 | Lair:3   | Got Sif Muna's Tome of the Enthralling Wind {god gift}
 15873 | Lair:3   | Learned a level 4 spell: Cause Fear
 16045 | Lair:3   | Found a hole to the Spider Nest.
 16633 | Lair:4   | Found a staircase to the Slime Pits.
 16634 | Lair:4   | Found a viscous altar of Jiyva.
 16766 | Lair:4   | Found a gate leading to a gauntlet.
 16782 | Gauntlet | Entered a Gauntlet
 16782 | Gauntlet | Found a transporter.
 16791 | Gauntlet | Found a transporter.
 16804 | Gauntlet | Found a transporter.
 16807 | Gauntlet | Found a transporter.
 16827 | Gauntlet | Found a transporter.
 16843 | Gauntlet | Found a transporter.
 16843 | Gauntlet | Noticed a green death
 16853 | Gauntlet | Found a transporter.
 16853 | Gauntlet | Noticed a dire elephant
 16872 | Gauntlet | Found a transporter.
 16876 | Gauntlet | Found a transporter.
 16878 | Gauntlet | Found a runed translucent gate.
 16878 | Gauntlet | Found a runed translucent gate.
 16884 | Gauntlet | Found a transporter.
 16894 | Gauntlet | Noticed a blizzard demon
 16896 | Gauntlet | Found a runed translucent gate.
 16908 | Gauntlet | Found a transporter.
 16908 | Gauntlet | Found a transporter.
 17084 | Gauntlet | Identified the ring "Givyuh" {rF+ Str+3}
 17216 | Gauntlet | Identified the +1 helmet of the Telling Gods {rElec}
 17320 | Gauntlet | Noticed a minotaur
 17345 | Gauntlet | Killed a minotaur
 17347 | Gauntlet | Identified the +5 falchion of the Endless Expanse {heavy,
                  | Str+3 Int+5}
 17348 | Gauntlet | Got Xinua's Guide on Creative Venom
 17514 | Gauntlet | Learned a level 7 spell: Enfeeble
 17520 | Gauntlet | Learned a level 5 spell: Yara's Violent Unravelling
 18355 | Lair:5   | Entered Level 5 of the Lair of Beasts
 18379 | Lair:5   | Reached skill level 19 in Hexes
 19385 | Lair:4   | Reached XP level 14. HP: 73/108 MP: 7/27
 19971 | Lair:5   | Received a gift from Sif Muna
 20063 | Lair:5   | Got Sif Muna's Notes on the Supportive Figure {god gift}
 20068 | Lair:5   | Found an iron altar of Okawaru.
 20484 | Lair:5   | Reached skill level 20 in Hexes
 21798 | Lair:5   | Identified the +8 halberd "Laluuh" {flame, Will++ MP+9}
 21941 | D:10     | Entered Level 10 of the Dungeon
 22077 | D:10     | Found a staircase to the Orcish Mines.
 22092 | D:10     | Reached skill level 10 in Spellcasting
 22136 | D:10     | Reached skill level 10 in Fighting
 22820 | D:11     | Found Pawiotah's Book Boutique.
 23313 | D:11     | Found a radiant altar of Vehumet.
 23352 | D:11     | Received a gift from Sif Muna
 23353 | D:11     | Got Sif Muna's Quarto of Amalgamated Bruises {god gift}
 24374 | D:12     | Reached skill level 21 in Hexes
 24653 | D:12     | Found Eluz Pes's Jewellery Shop.
 26112 | D:13     | Found a gate to the Vaults.
 26189 | D:13     | Reached skill level 5 in Shields
 26222 | D:13     | Reached XP level 15. HP: 112/115 MP: 4/29
 26749 | D:14     | Found a frozen archway.
 27146 | IceCv    | Entered an ice cave
 27686 | IceCv    | Received a gift from Sif Muna
 27697 | IceCv    | Got Sif Muna's Vellum of Hexes {god gift}
 27722 | IceCv    | Learned a level 5 spell: Summon Mana Viper
 28269 | IceCv    | Identified the +1 pair of gloves "Wyakouru" {rPois rN+
                  | Dex+4}
 29047 | IceCv    | Noticed an Ice Fiend
 29301 | IceCv    | Killed an Ice Fiend
 29835 | D:14     | Found a broken altar of Ashenzari.
 30448 | D:15     | Entered Level 15 of the Dungeon
 31290 | D:15     | Noticed Jorgrun
 31482 | D:15     | Killed Jorgrun
 31609 | D:15     | Noticed Nessos
 31616 | D:15     | Killed Nessos
 31907 | D:15     | Received a gift from Sif Muna
 31912 | D:15     | Got Sif Muna's Verses on Metamorphic Phlogiston {god gift}
 32246 | D:15     | Found a staircase to the Depths.
 32752 | D:15     | Noticed Josephine
 32774 | D:15     | Killed Josephine
 33134 | Orc:1    | Entered Level 1 of the Orcish Mines
 33256 | Orc:2    | Entered Level 2 of the Orcish Mines
 33256 | Orc:2    | Noticed Azrael
 33271 | Orc:2    | Killed Azrael
 33288 | Orc:1    | Reached XP level 16. HP: 35/127 MP: 19/32
 34621 | Orc:2    | Found a staircase to the Elven Halls.
 34679 | Orc:2    | Received a gift from Sif Muna
 34721 | Orc:2    | Found His Xuy's General Store.
 34721 | Orc:2    | Found Edwosk's Weapon Emporium.
 34727 | Orc:2    | Bought a potion of mutation for 128 gold pieces
 34772 | Orc:2    | Found Wuebedgh's Antique Armour Shop.
 34772 | Orc:2    | Found Cujaguy's Weapon Emporium.
 34950 | Orc:2    | Bought a jewelled buckler for 256 gold pieces
 34950 | Orc:2    | Identified the +2 buckler "Kent" {Dex+3} (You bought it in
                  | a shop on level 2 of the Orcish Mines)
 34950 | Orc:2    | Bought a pair of distressingly furry gloves for 256 gold
                  | pieces
 34950 | Orc:2    | Identified the +1 pair of gloves of Mimizism {-Tele rCorr
                  | Int+2 Dex+10} (You bought it in a shop on level 2 of the
                  | Orcish Mines)
 34973 | Orc:1    | Noticed Erica
 34981 | Orc:1    | Killed Erica
 35527 | Shoals:1 | Entered Level 1 of the Shoals
 36270 | Shoals:1 | Acquired a +2 quick blade of draining
 36868 | Shoals:2 | Found Qed Tate's Vocational Training.
 37964 | Shoals:2 | Received a gift from Sif Muna
 37965 | Shoals:2 | Reached skill level 22 in Hexes
 37993 | Shoals:2 | Got Sif Muna's Catalogue of Crystalline Bolts {god gift}
 38003 | Shoals:2 | Learned a level 8 spell: Discord
 39493 | Shoals:3 | Identified the +7 flail "Lifebane" {freeze, rN+ Will+
                  | Stlth-}
 39930 | Shoals:3 | Found a runed translucent door.
 39932 | Shoals:3 | Noticed Heezod's ghost (journeyman MiBe)
 40136 | Shoals:3 | Killed Heezod's ghost
 40181 | Shoals:4 | Entered Level 4 of the Shoals
 40397 | Shoals:4 | Received a gift from Sif Muna
 40623 | Shoals:4 | Identified the +3 sling of the Owl {antimagic, +Blink rPois
                  | rC+ Int+4}
 41047 | Shoals:4 | Reached XP level 17. HP: 123/135 MP: 17/33
 41053 | Shoals:4 | Reached skill level 23 in Hexes
 41688 | Shoals:4 | Got a barnacled rune of Zot
 41781 | Shoals:4 | Reached ****** piety under Sif Muna
 41941 | Shoals:4 | Received a gift from Sif Muna
 42891 | Spider:1 | Entered Level 1 of the Spider Nest
 43253 | Spider:1 | Received a gift from Sif Muna
 44306 | Spider:2 | Noticed Louise
 44307 | Spider:2 | Killed Louise
 44308 | Spider:2 | Reached skill level 15 in Fighting
 44957 | Spider:2 | Received a gift from Sif Muna
 46261 | Spider:2 | Identified the +8 falchion "Lousioruff" {antimagic, rElec
                  | Str+2}
 46626 | Spider:3 | Received a gift from Sif Muna
 46630 | Spider:3 | Killed Mlioglotl
 46924 | Spider:3 | Reached XP level 18. HP: 149/149 MP: 28/36
 47103 | Spider:3 | Reached skill level 15 in Spellcasting
 47852 | Spider:3 | Noticed Arachne
 47863 | Spider:3 | Killed Arachne
 48309 | Spider:4 | Entered Level 4 of the Spider Nest
 48666 | Spider:4 | Received a gift from Sif Muna
 48667 | Spider:4 | Got Zobaanlo's Parchment of the Floating Dead {god gift}
 49383 | Spider:4 | Reached skill level 15 in Short Blades
 49436 | Spider:4 | HP: 3/223 [moth of wrath (17)]
 49440 | Spider:4 | Succumbed to barbed spike wounds

Illustrated notes

Levels and vault maps discovered:
D:1:      spicycebolla_green_bress_n_ham_2, layout_basic, serial_shops, shop
D:2:      layout_basic, serial_corexii_hall, chequers_hall_statues_corner_a,
          corexii_hall_statues_s
D:3:      layout_rooms, nicolae_sif_muna_condensation
D:4:      layout_loops_ring, nicolae_shop_gadgets, uniq_menkaure
D:5:      layout_loops_ring, minmay_overflow_temple_star_quad,
          minmay_temple_entry_antechambers, serial_shops,
          nicolae_book_shop_shelving, kennysheep_doodads,
          kennysheep_generic_room_2
D:6:      layout_basic, hangedman_ru_absence, biasface_ghost_orc_armoury,
          serial_shops, shop
D:7:      layout_gridville, mainiacjoe_overflow_tiny_flanked, water_maze_lemuel
D:8:      layout_basic, ebering_ghost_reflecting_pool
D:9:      layout_cave_pools, makhleb_altar_promises_db,
          due_lair_maze_entry_diamond, serial_shops, shop, minmay_statue_bubble
D:10:     layout_roguey, david_orc_3
D:11:     layout_basic, serial_shops, nicolae_book_shop_shelving,
          minmay_gold_behind_fungi, fiery_altar_vehumet
D:12:     layout_basic, serial_shops, nicolae_shop_back_alley_shop
D:13:     layout_roguey, lightli_vaults_fourway_checkpoint
D:14:     layout_roguey, serial_ice, serial_ice_o, serial_ice_e, serial_ice_a,
          serial_ice_c, portal_ice_cave_entry_ice_statue_two, ashenzari_altar_1,
          kennysheep_minor_cross
D:15:     gammafunk_depths_entry_grave, layout_irregular_city, zin_angel,
          nicolae_two_hexagons, evilmike_butchery, uniq_josephine, uniq_jorgrun,
          uniq_nessos
Temple:   nicolae_temple_bog_church
Lair:1:   gammafunk_lair_enchanted_lake, layout_regular_city, serial_bayou,
          serial_bayou_lagoon_b, serial_bayou_pond_e, serial_bayou_ford_a,
          serial_bayou_shore_a, uniq_gastronok
Lair:2:   layout_small_grid, elwin_shoals_entry_stream, minivault_19,
          nicolae_lair_grazing_beasts [nicolae_sub_lair_graze_edge,
          nicolae_sub_lair_graze_edge, nicolae_sub_lair_graze_edge,
          nicolae_sub_lair_graze_edge], infiniplex_staircase_pool_2,
          serial_bayou_shore_b
Lair:3:   layout_regular_city, spider_nest_entry_funnel_web,
          eino_small_chamber_without_monster, chequers_serial_rivers_room_a,
          grunt_megastairs_1, infiniplex_staircase_pool
Lair:4:   layout_loops_ring, nicolae_slime_entry_slimehenge,
          gauntlet_entry_generic
Lair:5:   evilmike_catoblepas_cave, layout_misc_corridors, basic_altar
Shoals:1: layout_shoals
Shoals:2: layout_shoals, nicolae_shop_vocational
Shoals:3: layout_shoals, gammafunk_ghost_grave
Shoals:4: shoals_end_simple, layout_shoals, nicolae_shoals_square_sea_wall,
          nicolae_shoals_lost_giant_hut, nicolae_shoals_siren_and_animal_friends
Spider:1: layout_spider_delve, drop_trap, nicolae_spider_nooks_and_crannies
Spider:2: layout_spider_delve, nicolae_spider_cling_halls, uniq_louise
Spider:3: layout_spider_delve, uniq_mlioglotl, uniq_arachne
Spider:4: hellmonk_spider_rune_bug_friends
Orc:1:    layout_caves, serial_shops, uniq_erica
Orc:2:    st_orc_town, layout_caves, uniq_azrael

Skill      XL: |  1  2  3  4  5  6  7  8  9 10 11 12 13 14 15 16 17 18 |
---------------+-------------------------------------------------------+-----
Fighting       | 1 2 3 4 5 6 7 8 9 10 12 15 | 15.0
Short Blades   | 2 3 4 5 7 8 9 10 12 13 15 | 15.0
Stealth        | 5 6 9 |  9.0
Hexes          | 5 6 9 11 13 15 17 19 21 22 23 | 23.0
Dodging        | 3 4 5 7 8 9 10 12 13 | 13.1
Spellcasting   | 3 4 5 6 7 8 9 10 12 14 15 | 15.0
Armour         | 3 |  3.0
Shields        | 3 5 6 |  6.0

Action                     |  1- 3 |  4- 6 |  7- 9 | 10-12 | 13-15 | 16-18 || total
---------------------------+-------+-------+-------+-------+-------+-------++-------
  Melee: Dagger            |    89 |    70 |   294 |   659 |  1571 |   954 ||  3637
         Bite              |     8 |     6 |    34 |   122 |   301 |   165 ||   636
         Falchion          |       |       |       |       |    20 |       ||    20
         Quick blade       |       |       |       |       |       |   201 ||   201
   Cast: Ensorcelled Hiber |    18 |    23 |     9 |       |       |       ||    50
         Tukima's Dance    |       |     2 |    35 |    18 |    27 |     2 ||    84
         Confusing Touch   |       |     1 |    36 |    85 |    57 |       ||   179
         Dazzling Flash    |       |       |       |    15 |    24 |       ||    39
         Enfeeble          |       |       |       |       |   192 |   236 ||   428
         Cause Fear        |       |       |       |       |     5 |    13 ||    18
         Summon Mana Viper |       |       |       |       |    31 |     3 ||    34
         Yara's Violent Un |       |       |       |       |     1 |    11 ||    12
         Discord           |       |       |       |       |       |    60 ||    60
  Evoke: Wand              |       |       |     3 |     4 |     7 |       ||    14
         Phial of floods   |       |       |       |       |       |     1 ||     1
    Use: Scroll            |     4 |     6 |    12 |     2 |    14 |    12 ||    50
         Potion            |       |     1 |     3 |     4 |     7 |     7 ||    22
   Stab: Sleeping          |    27 |    23 |    12 |     3 |    22 |    19 ||   106
         Distracted        |     1 |     1 |       |     1 |     2 |     3 ||     8
         Confused          |       |       |    15 |    61 |    35 |       ||   111
         Invisible         |       |       |     3 |    21 |   176 |   198 ||   398
 Armour: Robe              |    18 |     2 |       |       |    15 |   215 ||   250
         Leather armour    |       |    12 |    89 |   203 |   230 |       ||   534
         Acid dragon scale |       |       |       |       |   179 |       ||   179
  Dodge: Dodged            |    37 |    27 |   124 |   270 |   822 |   778 ||  2058
  Block: Buckler           |       |    10 |    75 |   175 |   520 |   515 ||  1295
         Reflection        |       |       |     1 |     6 |    20 |    54 ||    81
